 Dungeon Crawl Stone Soup version 0.21.1-1-g345015f (webtiles) character file.

29159 Supreme the Geomancer (level 13, -3/74 HPs)
             Began as a Gargoyle Earth Elementalist on Apr 29, 2018.
             Was an Elder of Kikubaaqudgha.
             Slain by Rupert
             ... wielding a +2 great mace of draining
              (8 damage)
             ... while paralysed by Rupert
             ... on level 4 of the Lair of Beasts.
             The game lasted 02:52:46 (15985 turns).

Supreme the Geomancer (GrEE)                       Turns: 15985, Time: 02:52:52

Health: -3/74      AC: 18    Str: 12    XL:     13   Next: 43%
Magic:  43/46      EV:  2    Int: 21    God:    Kikubaaqudgha [****..]
Gold:   1059       SH:  0    Dex: 10    Spells: 5/35 levels left

rFire    . . .     SeeInvis +   o - +2 morningstar "Cogremob" {speed, rN+ SInv}
rCold    . . .     Gourm    .   Q - +0 buckler
rNeg     + + .     Faith    .   t - +2 robe {Archmagi}
rPois    ∞         Spirit   .   (no helmet)
rElec    +         Reflect  .   F - +2 cloak {+Inv}
rCorr    .         Harm     .   f - +0 pair of gloves
MR       .....                  J - +0 pair of boots
Stlth    +++.......             (no amulet)
HPRegen  0.22/turn              y - ring of magical power
MPRegen  0.30/turn              B - ring of magical power

@: paralysed
A: negative energy resistance 1, electricity resistance, unbreathing,
petrification resistance, rot immunity, AC +9
a: Receive Corpses, Renounce Religion, Evoke Invisibility


You were on level 4 of the Lair of Beasts.
You worshipped Kikubaaqudgha.
Kikubaaqudgha was greatly pleased with you.
You were not hungry.

You visited 3 branches of the dungeon, and saw 16 of its levels.
You also visited: Labyrinth.

You collected 1059 gold pieces.

Inventory:

Hand Weapons
 j - a +0 blowgun
 o - the +2 morningstar "Cogremob" (weapon) {speed, rN+ SInv}
   (You found it on level 9 of the Dungeon)

   Attacks with this weapon are significantly faster.
   It protects you from negative energy.
   It lets you see invisible.
Missiles
 b - 292 stones (quivered)
 h - 3 needles of confusion
 s - 92 poisoned needles
 C - 24 arrows
Armour
 f - a +0 pair of gloves (worn)
 t - a +2 robe of the Archmagi (worn)
 F - a +2 cloak of invisibility (worn)
 J - a +0 pair of boots (worn)
 Q - a +0 buckler (worn)
Jewellery
 a - an uncursed ring of resist corrosion
 v - a +5 ring of dexterity
 x - an uncursed ring of positive energy
 y - a ring of magical power (left hand)
 B - a ring of magical power (right hand)
Wands
 g - a wand of enslavement (25)
 n - a wand of flame (9)
 E - a wand of random effects (41)
 H - a wand of polymorph (11)
 P - a wand of acid (13)
Scrolls
 c - 2 scrolls of immolation {unknown}
 e - a scroll of torment {unknown}
 i - a scroll of fear {unknown}
 m - 4 scrolls of fog {unknown}
 q - 3 scrolls of noise {unknown}
 r - a scroll of enchant weapon {unknown}
 u - a scroll of blinking {unknown}
 A - 3 scrolls of magic mapping {unknown}
 G - 7 scrolls of teleportation
 I - a scroll of identify
 K - a scroll of vulnerability {unknown}
 N - a scroll of amnesia {unknown}
 O - a scroll of silence {unknown}
 U - a scroll of enchant armour {unknown}
Potions
 k - a potion of berserk rage
 l - a potion of resistance
 p - 4 potions of heal wounds
 w - 8 potions of curing
 z - a potion of haste
 L - a potion of lignification
 M - 2 potions of flight
 T - a potion of ambrosia
 W - a potion of agility
Miscellaneous
 D - a phial of floods
 S - a lamp of fire
Comestibles
 d - 29 rations
 R - 2 chunks of flesh


   Skills:
 + Level 6.3 Fighting
 - Level 0.4 Maces & Flails
 + Level 6.1 Dodging
 + Level 5.5 Stealth
 * Level 1.8 Shields
 + Level 11.5 Spellcasting
 + Level 6.3 Conjurations
 + Level 8.6 Necromancy
 + Level 0.7 Transmutations
 + Level 12.0 Earth Magic
 + Level 3.3 Evocations


You had 5 spell levels left.
You knew the following spells:

 Your Spells              Type           Power        Failure   Level  Hunger
a - Sandblast             Erth           ######       1%          1    None
b - Passwall              Tmut/Erth      ######....   1%          2    None
c - Stone Arrow           Conj/Erth      ######       1%          3    None
d - Lee's Rapid Deconstr  Erth           #######...   1%          5    ####...
e - Animate Skeleton      Necr           N/A          1%          1    None
f - Corpse Rot            Necr           N/A          1%          2    None
g - Borgnjor's Vile Clut  Necr/Erth      ######....   2%          5    ####...
h - Animate Dead          Necr           N/A          1%          4    #......
i - Swiftness             Chrm/Air       ###.....     11%         2    None
j - Agony                 Necr           ######..     5%          5    ####...


Dungeon Overview and Level Annotations

Branches:
Dungeon (11/15)            Temple (1/1) D:7            Lair (4/6) D:11
  Swamp (0/4) Lair:2       Spider (0/4) Lair:2          Orc (0/2) D:10

Altars:
Ashenzari
Cheibriados
Dithmenos
Elyvilon
Fedhas
Gozag
Hepliaklqana
Kikubaaqudgha
Makhleb
Nemelex Xobeh
Okawaru
Qazlal
Ru
Sif Muna
Trog
Uskayaw
Vehumet
Wu Jian
Xom
Yredelemnul
Zin
The Shining One
Beogh

Shops:
D:6 [   D:9 [   D:10 (

Annotations:
Lair:4 Rupert


Innate Abilities, Weirdness & Mutations

You are resistant to torment.
Your stone body is resilient. (AC +9)
You are immune to poison.
You resist negative energy. (rN+)
You are resistant to electric shocks. (rElec)
You can survive without breathing.
You are immune to petrification.
You are immune to rotting.


Message History

The hippogriff pecks you but does no damage.
The hippogriff claws you but does no damage.
The zombie hands constrict Rupert!!
Rupert hits you with a great mace of draining!!
The hippogriff barely misses you.
The hippogriff pecks you but does no damage.
The hippogriff claws you but does no damage.
Rupert hits you with a great mace of draining!
The zombie hands constrict Rupert!
The hippogriff bites you but does no damage.
The hippogriff pecks you. The hippogriff claws you.
Rupert hits you with a great mace of draining!!
* * * LOW HITPOINT WARNING * * *
The zombie hands constrict Rupert!
The hippogriff bites you but does no damage.
The hippogriff pecks you but does no damage.
The hippogriff claws you but does no damage.
Rupert hits you with a great mace of draining!
You die...
Kikubaaqudgha rasps: "You have failed me!
Welcome... oblivion!"

#. ####......# ...#....#.# #...
##.........#............## ....
#.....##...#.....#.....##
P...##..#P###...#.....#.....#
#...###.#####...#.....##...Z####+
#........###...##.P...##.[.Z.##..
#..............#.#...#.....Z####.
#................H...........##P+
................@@...............
#................................
.................####.#..........
...#.+###........# ####.....#.##
#.....###.#...P### ##...#####
#.#........#...P #....
..#.......#....# #....
..#.......##... ##...
#.#.......##.. ##.... ...


You could see Rupert (berserk) and a hippogriff.

Vanquished Creatures
  A minotaur (Lab)
  A hydra (Lair:3)
  A death yak (Lair:3)
  A two-headed ogre (D:7)
  The ghost of inc the Cruncher, a novice OpWz of Gozag (D:8)
  Pikel (D:6)
  2 orc knights
  A manticore (D:11)
  6 elephants
  3 spiny frogs
  A komodo dragon (Lair:2)
  2 kobold demonologists
  A troll (D:9)
  3 jumping spiders (Lair:2)
  2 blink frogs (Lair:1)
  A tyrant leech (Lair:2)
  2 polar bears
  4 dream sheep (Lair:4)
  7 hippogriffs
  Sigmund (D:6)
  A redback (Lair:2)
  A wraith (D:10)
  27 yaks
  A basilisk (D:11)
  5 water moccasins
  7 porcupines
  A slave (D:6)
  8 orc warriors
  5 ice beasts
  2 sky beasts
  3 black bears
  2 phantoms
  7 wolves
  3 ogres
  8 centaurs
  4 crocodiles
  9 big kobolds
  7 bullfrogs
  2 wyvern zombies (D:7)
  A gnoll sergeant (D:10)
  6 scorpions
  4 killer bees (D:3)
  7 wights
  2 howler monkeys (D:4)
  7 crimson imps
  4 hounds
  9 orc priests
  4 jellies
  10 orc wizards
  Jessica (D:3)
  A bullfrog skeleton (D:5)
  Terence (D:3)
  3 iguanas
  Natasha (thrice) (D:3)
  7 worker ants
  A bullfrog simulacrum (D:11)
  A hound zombie (D:6)
  A hound skeleton (D:9)
  A worker ant zombie (D:6)
  11 gnolls
  10 adders
  4 shadow imps
  A white imp (D:11)
  2 ufetubi (D:11)
  6 oozes
  An adder skeleton (D:8)
  3 worms
  2 dart slugs (D:1)
  8 leopard geckos
  41 orcs
  A ball python (D:5)
  8 giant cockroaches
  5 goblins
  7 hobgoblins
  8 jackals
  18 kobolds
  A quokka (D:11)
  6 bats
  4 frilled lizards
  6 rats
  2 fungi (Lair:2)
374 creatures vanquished.

Vanquished Creatures (collateral kills)
  A torpor snail (Lair:3)
  5 elephants
  4 spiny frogs
  A komodo dragon (Lair:2)
  2 rime drakes
  A polar bear (D:11)
  A tyrant leech (Lair:2)
  2 blink frogs (Lair:1)
  2 dream sheep (Lair:4)
  4 yaks
  A wyvern (Lair:3)
  5 porcupines
  An ice beast (D:11)
  A wolf (Lair:2)
  A centaur (D:11)
  10 crocodiles
  2 bullfrogs
  A scorpion (D:11)
  A wight (D:10)
  A hound (D:8)
  An orc priest (D:8)
  2 orc wizards
  An iguana (D:11)
  An adder (D:8)
  An ooze (D:8)
  2 orcs (D:8)
  2 kobolds (D:10)
  A fungus (Lair:2)
  2 plants
60 creatures vanquished.

Vanquished Creatures (others)
  A bush (D:11)
  5 fungi
  9 plants
15 creatures vanquished.

Grand Total: 449 creatures vanquished

Notes
Turn   | Place    | Note
-------+----------+-------------------------------------------
     0 | D:1      | Supreme the Gargoyle Earth Elementalist began the quest for the Orb.
     0 | D:1      | Reached XP level 1. HP: 10/10 MP: 3/3
   209 | D:1      | Reached skill level 4 in Earth Magic
   291 | D:1      | Reached XP level 2. HP: 8/15 MP: 3/5
   295 | D:1      | Learned a level 2 spell: Passwall
   829 | D:1      | Reached XP level 3. HP: 11/19 MP: 4/6
  1236 | D:2      | Learned a level 3 spell: Stone Arrow
  1333 | D:2      | Reached XP level 4. HP: 24/24 MP: 1/8
  1561 | D:2      | Found a basalt altar of Yredelemnul.
  2062 | D:3      | Noticed Jessica
  2068 | D:3      | Killed Jessica
  2068 | D:3      | Reached XP level 5. HP: 25/28 MP: 4/9
  2152 | D:3      | Found a deep blue altar of Sif Muna.
  2196 | D:3      | Found an opulent altar of Gozag.
  2351 | D:3      | Noticed Natasha
  2364 | D:3      | Killed Natasha
  2563 | D:3      | Noticed Terence
  2572 | D:3      | Noticed Natasha
  2577 | D:3      | Killed Natasha
  2577 | D:3      | Reached skill level 1 in Fighting
  2577 | D:3      | Reached skill level 5 in Earth Magic
  2612 | D:3      | Noticed Natasha
  2704 | D:3      | Killed Natasha
  2704 | D:3      | Reached XP level 6. HP: 15/34 MP: 7/11
  2713 | D:3      | Learned a level 5 spell: Lee's Rapid Deconstruction
  3247 | D:3      | Found a blossoming altar of Fedhas.
  3423 | D:3      | Killed Terence
  3423 | D:3      | Reached XP level 7. HP: 38/38 MP: 6/13
  3839 | D:4      | Reached skill level 1 in Conjurations
  3923 | D:4      | Found an ornate altar of the Wu Jian Council.
  3997 | D:4      | Reached skill level 6 in Earth Magic
  4381 | D:4      | Reached XP level 8. HP: 42/43 MP: 2/15
  4431 | D:5      | Entered Level 5 of the Dungeon
  4528 | D:5      | Reached skill level 5 in Spellcasting
  4528 | D:5      | Reached skill level 7 in Earth Magic
  4705 | D:5      | Found a bloodstained altar of Trog.
  4723 | D:5      | Found a burning altar of Makhleb.
  5816 | D:6      | Noticed Sigmund
  6136 | D:6      | Reached skill level 8 in Earth Magic
  6136 | D:6      | Reached XP level 9. HP: 46/49 MP: 2/18
  6307 | D:6      | Found a burning altar of Makhleb.
  6538 | D:6      | Found Vonlysh's Armour Shoppe.
  6539 | D:6      | Noticed Pikel
  6657 | D:6      | Killed Pikel
  6763 | D:6      | Killed Sigmund
  6911 | D:7      | Found a staircase to the Ecumenical Temple.
  6939 | Temple   | Entered the Ecumenical Temple
  6986 | Temple   | Became a worshipper of Kikubaaqudgha
  7059 | D:7      | Reached skill level 1 in Evocations
  7104 | D:7      | Noticed a two-headed ogre
  7119 | D:7      | Killed a two-headed ogre
  7119 | D:7      | Reached skill level 9 in Earth Magic
  7119 | D:7      | Reached XP level 10. HP: 35/56 MP: 11/21
  7336 | D:7      | Found a glowing silver altar of Zin.
  7336 | D:7      | Noticed an angel
  7703 | D:7      | Reached * piety under Kikubaaqudgha
  7703 | D:7      | Identified Kikubaaqudgha's Tome of Black Secrets (Kikubaaqudgha gifted it to you on level 7 of the Dungeon)
  7703 | D:7      | Received a gift from Kikubaaqudgha
  7722 | D:7      | Learned a level 1 spell: Animate Skeleton
  7741 | D:7      | Learned a level 2 spell: Corpse Rot
  8380 | D:8      | Noticed inc's ghost (novice OpWz)
  8390 | D:8      | Killed inc's ghost
  8390 | D:8      | Reached skill level 1 in Necromancy
  8390 | D:8      | Reached skill level 10 in Earth Magic
  8648 | D:8      | Found a snail-covered altar of Cheibriados.
  8963 | D:8      | Noticed a kobold demonologist
  8965 | D:8      | Reached skill level 5 in Conjurations
  8965 | D:8      | Killed a kobold demonologist
  8968 | D:8      | Reached ** piety under Kikubaaqudgha
  9406 | D:9      | Reached skill level 5 in Stealth
  9552 | D:9      | Found an iron altar of Okawaru.
  9580 | D:9      | Got a twisted morningstar
  9581 | D:9      | Identified the +2 morningstar "Cogremob" {speed, rN+ SInv} (You found it on level 9 of the Dungeon)
  9819 | D:9      | Reached XP level 11. HP: 58/61 MP: 24/24
  9892 | D:9      | Found Ymuar's Antique Armour Shop.
 10047 | D:10     | Entered Level 10 of the Dungeon
 10134 | D:10     | Noticed an orc knight
 10323 | D:9      | Killed an orc knight
 10600 | D:10     | Reached *** piety under Kikubaaqudgha
 10600 | D:10     | Identified Kikubaaqudgha's Compendium of Darkness (Kikubaaqudgha gifted it to you on level 10 of the Dungeon)
 10600 | D:10     | Received a gift from Kikubaaqudgha
 10661 | D:10     | Learned a level 5 spell: Borgnjor's Vile Clutch
 10666 | D:10     | Learned a level 4 spell: Animate Dead
 10692 | D:10     | Found a roughly hewn altar of Beogh.
 10692 | D:10     | Found a staircase to the Orcish Mines.
 10692 | D:10     | Noticed an orc knight
 10708 | D:10     | Killed an orc knight
 10827 | D:10     | Found Jomugrel's Antique Weapon Shop.
 10844 | D:10     | Learned a level 2 spell: Swiftness
 10917 | D:10     | Reached skill level 11 in Earth Magic
 11203 | D:11     | Noticed a manticore
 11262 | D:11     | Reached skill level 5 in Dodging
 11343 | D:11     | Reached skill level 5 in Fighting
 11410 | D:11     | Reached skill level 5 in Necromancy
 11411 | D:11     | Reached skill level 10 in Spellcasting
 11478 | D:11     | Found a staircase to the Lair.
 11563 | D:11     | Killed a manticore
 11588 | D:11     | Noticed a sun demon
 11744 | D:11     | Reached **** piety under Kikubaaqudgha
 11878 | D:11     | Learned a level 5 spell: Agony
 12027 | D:11     | Reached XP level 12. HP: 52/68 MP: 26/26
 12395 | Lair:1   | Entered Level 1 of the Lair of Beasts
 12475 | Lair:1   | Found a labyrinth entrance.
 12492 | Lab      | Entered a labyrinth
 13084 | Lab      | Noticed a minotaur
 13089 | Lab      | Killed a minotaur
 13094 | Lab      | Got a coiled silver amulet
 13095 | Lab      | Got a jewelled scale mail
 13116 | Lab      | Identified the +2 scale mail of the Orb Guardian {rElec Slay+3} (You took it off a minotaur in a labyrinth)
 13126 | Lab      | Identified the amulet of Suspicion {Harm *Drain rC+ Stlth+} (You took it off a minotaur in a labyrinth)
 13991 | Lair:2   | Found a staircase to the Swamp.
 13993 | Lair:2   | You fall through a shaft!
 14373 | Lair:2   | Found a hole to the Spider Nest.
 15077 | Lair:3   | Noticed a death yak
 15094 | Lair:3   | Killed a death yak
 15094 | Lair:3   | Reached XP level 13. HP: 74/74 MP: 28/28
 15577 | Lair:4   | Reached skill level 12 in Earth Magic
 15578 | Lair:4   | Reached skill level 1 in Shields
 15972 | Lair:4   | Noticed Rupert
 15979 | Lair:4   | Paralysed by Rupert for 7 turns
 15985 | Lair:4   | Slain by Rupert

Skill      XL: |  1  2  3  4  5  6  7  8  9 10 11 12 13 |
---------------+----------------------------------------+-----
Earth Magic    | 4 5 6 8 9 10 11 12 | 12.0
Spellcasting   | 3 4 6 7 9 10 11 | 11.5
Dodging        | 2 3 4 5 6 |  6.1
Stealth        | 3 4 5 |  5.5
Fighting       | 1 2 3 4 5 6 |  6.3
Conjurations   | 1 3 4 5 6 |  6.3
Evocations     | 1 2 3 |  3.3
Necromancy     | 3 5 8 |  8.6
Shields        | 1 |  1.8
Maces & Flails | |  0.4
Transmutations | |  0.7

Action                   |  1- 3 |  4- 6 |  7- 9 | 10-12 | 13-15 || total
-------------------------+-------+-------+-------+-------+-------++-------
Melee: Whip              |    52 |       |       |       |       ||    52
       Short sword       |     8 |   100 |     7 |    39 |       ||   154
       Hand axe          |       |       |   106 |       |       ||   106
       Falchion          |       |       |     3 |    81 |       ||    84
       Staff             |       |       |     1 |       |       ||     1
       Morningstar       |       |       |       |   293 |    48 ||   341
 Fire: Shortbow          |       |       |     3 |       |       ||     3
 Cast: Sandblast         |    15 |    28 |    50 |    36 |       ||   129
       Passwall          |     1 |     1 |     1 |     1 |       ||     4
       Stone Arrow       |       |    12 |    75 |   102 |     5 ||   194
       Animate Skeleton  |       |       |       |    51 |     6 ||    57
       Lee's Rapid Decon |       |       |       |    15 |       ||    15
       Animate Dead      |       |       |       |    29 |     8 ||    37
       Borgnjor's Vile C |       |       |       |    24 |     9 ||    33
       Corpse Rot        |       |       |       |     3 |       ||     3
Invok: Receive Corpses   |       |       |       |     7 |       ||     7
Evoke: Staff of energy   |       |       |     7 |       |       ||     7
       Wand              |       |       |     1 |     7 |     1 ||     9
       Lamp of fire      |       |       |       |     1 |       ||     1
  Use: Scroll            |       |       |     9 |    10 |       ||    19
 Stab: Sleeping          |     4 |     7 |     3 |     7 |       ||    21
       Distracted        |       |     1 |       |       |       ||     1
  Eat: Chunk             |     2 |     5 |    15 |    38 |     4 ||    64
       Ration            |       |     1 |       |       |       ||     1
Armor: Robe              |    19 |    34 |    42 |   222 |    49 ||   366
Dodge: Dodged            |    44 |    81 |   118 |   340 |    37 ||   620
Block: Buckler           |       |       |       |       |     4 ||     4
       Rpst.: Falchion   |       |       |       |    18 |       ||    18
